 Dungeon Crawl Stone Soup version 0.27-a0-1136-g0b992a5a9d (webtiles) character file.

Game seed: 5284091738414764039

443 funkygono the Firebug (level 7, 0/36 HPs)
             Began as a Gargoyle Fire Elementalist on May 5, 2021.
             Was an Initiate of Vehumet.
             Killed from afar by Blork the orc (12 damage)
             ... with a puff of frost
             ... on level 5 of the Dungeon.
             The game lasted 00:08:22 (4890 turns).

funkygono the Firebug (Gargoyle Fire Elementalist)  Turns: 4890, Time: 00:08:23

Health: 0/36       AC:  7    Str: 18    XL:     7   Next: 2%
Magic:  1/13       EV: 12    Int: 17    God:    Vehumet [......]
Gold:   123        SH:  0    Dex: 10    Spells: 6/14 levels left

rFire    . . .     SeeInvis .   e - +1 whip
rCold    . . .     Faith    .   (no shield)
rNeg     + . .     Spirit   .   a - +1 robe
rPois    ∞         Reflect  .   (no helmet)
rElec    +         Harm     .   (no cloak)
rCorr    .         Rampage  .   (no gloves)
Will     .....                  (no boots)
Stlth    ++........             (no amulet)
HPRegen  0.12/turn              f - +6 ring of strength
MPRegen  0.13/turn              n - ring of wizardry

@: no status effects
A: sickness immunity, AC +4, negative energy resistance 1, electricity
resistance, torment resistance 1, unbreathing 1, petrification resistance
a: Renounce Religion


You were on level 5 of the Dungeon.
You worshipped Vehumet.
Vehumet was noncommittal.
You visited 1 branch of the dungeon, and saw 5 of its levels.

You collected 123 gold pieces.

Inventory:

Hand Weapons
 e - a +1 whip (weapon)
 h - a +0 dagger of draining
Missiles
 d - 99 stones
Armour
 a - a +1 robe (worn)
 w - a +0 ring mail
Jewellery
 f - a +6 ring of strength (left hand)
 i - an amulet of guardian spirit
 n - a ring of wizardry (right hand)
 o - a ring of magical power
 p - a ring of resist corrosion
 q - a +6 ring of strength
Scrolls
 l - 2 scrolls of teleportation
 r - a scroll of fear {unknown}
Potions
 b - 2 potions of attraction
 c - a potion of berserk rage
 g - a potion of resistance
 j - 3 potions of curing
 k - a potion of degeneration {unknown}
 m - 2 potions of brilliance
 t - a potion of mutation {unknown}
 u - 2 potions of haste


   Skills:
 + Level 1.8 Dodging
 - Level 2.1 Stealth
 * Level 4.2 Spellcasting
 * Level 3.6 Conjurations
 * Level 5.3 Fire Magic


You had 6 spell levels left.
You knew the following spells:

 Your Spells              Type           Power      Damage    Failure   Level
a - Foxfire               Conj/Fire      72%        2x1d7     1%          1
b - Conjure Flame         Conj/Fire      18%        6-21      3%          3
c - Sticky Flame          Conj/Fire      18%        2d4       10%         4

Your spell library contained the following spells:

 Spells                   Type           Power      Damage    Failure   Level
 Animate Skeleton         Necr           6%         N/A       6%          1
 Pain                     Necr           12%        1d4       6%          1
 Inner Flame              Hex/Fire       12%        N/A       6%          3
 Vampiric Draining        Necr           1%         2d6       19%         3
 Fireball                 Conj/Fire      9%         3d6       26%         5
 Animate Dead             Necr           1%         N/A       50%         4
 Agony                    Necr           3%         N/A       83%         5


Dungeon Overview and Level Annotations

Branches:
Dungeon (5/15)             Temple (0/1) D:5

Altars:
Cheibriados
Fedhas
Hepliaklqana
Makhleb
Nemelex Xobeh
Qazlal
Vehumet
Xom

Annotations:
D:3 3 runed translucent doors, PeterMcNeter's ghost, amateur PaTm
D:5 Blork the orc


Innate Abilities, Weirdness & Mutations

You are immune to sickness and miasma.
Your stone body is resilient. (AC +4)
You are immune to poison.
You resist negative energy. (rN+)
You are resistant to electric shocks. (rElec)
You are resistant to unholy torment.
You can survive without breathing.
You are immune to petrification.


Message History

The sticky flame hits Blork the orc!
Blork the orc is heavily wounded.
Blork the orc is covered in liquid flames!
Blork the orc burns!
The foxfire hits Blork the orc but does no damage.
Blork the orc is heavily wounded.
The foxfire hits Blork the orc but does no damage.
Blork the orc is heavily wounded.
Blork the orc looks angry.
Blork the orc closely misses you.
Blork the orc burns!
Blork the orc burns!
Blork the orc stops burning.
Blork the orc looks braver for a moment.
Blork the orc gestures at you while chanting.
The puff of flame misses you.
Blork the orc miscasts a cantrip.
Blork the orc points at you and mumbles some strange words.
The magic dart hits you.
You hit Blork the orc but do no damage.
Blork the orc is severely wounded.
Blork the orc hits you but does no damage.
You closely miss Blork the orc.
Blork the orc is severely wounded.
Blork the orc barely misses you.
Blork the orc points at you and mumbles some strange words.
The puff of frost hits you!
You hit Blork the orc.
Blork the orc is almost dead.
Blork the orc barely misses you.
Blork the orc hits you with a +0 short sword.
You hit Blork the orc.
Blork the orc is almost dead.
Blork the orc miscasts a cantrip.
Casting: Sticky Flame (quite dangerous; 10% risk of failure)
Confirm with . or Enter, or press ? or * to list all spells.
You conjure some foxfire!
Blork the orc hits you but does no damage.
Blork the orc points at you and mumbles some strange words.
The puff of frost hits you!
You die...

#
....#......###.##.##.......
# #..
#.###......##.#........ .#
# #.###......##.#........
....
##...###†.......####### #..
.# #.⌠.# #......### .
#.###...###...####
............#.#
...⌠..>.[vv...# .#
.#......o@...## .#
####...###.## ..# #.⌠.#
#.## ...# #...###..###
#...## ##.........# #.....#
#........#.###.......
....>#.....##...........
...##.......####........
.... #.......# ###.....#


You could see Blork the orc (fast, ally target).

Vanquished Creatures
  A necrophage (D:5)
  A water moccasin skeleton (D:5)
  A howler monkey (D:5)
  A crimson imp (D:4)
  A hound (D:5)
  A centaur zombie (D:5)
  An iguana (D:5)
  A hound zombie (D:5)
  5 adders
  An ufetubus (D:2)
  A worm (D:3)
  4 dart slugs
  An orc (D:4)
  2 ball pythons
  4 endoplasms
  A giant cockroach (D:3)
  12 goblins
  6 hobgoblins
  11 jackals
  10 kobolds
  4 quokkas
  5 frilled lizards
  A rat (D:1)
76 creatures vanquished.

Vanquished Creatures (others)
  A ball python (D:1)
  260 foxfires
261 creatures vanquished.

Grand Total: 337 creatures vanquished

Notes
Turn   | Place    | Note
-------+----------+-------------------------------------------
     0 | D:1      | funkygono the Gargoyle Fire Elementalist began the quest
                  | for the Orb.
     0 | D:1      | Reached XP level 1. HP: 10/10 MP: 3/3
   187 | D:1      | Reached XP level 2. HP: 15/15 MP: 0/5
  1161 | D:1      | Reached XP level 3. HP: 19/19 MP: 4/6
  1224 | D:1      | Learned a level 3 spell: Conjure Flame
  1593 | D:2      | Reached skill level 4 in Fire Magic
  1720 | D:2      | Reached XP level 4. HP: 24/24 MP: 5/7
  1814 | D:2      | Found a hazy altar of Hepliaklqana.
  2156 | D:2      | Learned a level 4 spell: Sticky Flame
  2224 | D:3      | Found a faded altar of an unknown god.
  2299 | D:3      | Found a runed translucent gate.
  2301 | D:3      | Found a runed translucent gate.
  2301 | D:3      | Found a runed translucent gate.
  2301 | D:3      | Noticed PeterMcNeter's ghost (amateur PaTm)
  2704 | D:3      | Found a sparkling altar of Nemelex Xobeh.
  2757 | D:3      | Found a snail-covered altar of Cheibriados.
  3448 | D:4      | Reached XP level 5. HP: 28/28 MP: 5/9
  3773 | D:4      | Found a stormy altar of Qazlal.
  3920 | D:4      | Found a burning altar of Makhleb.
  3920 | D:4      | Found a shimmering altar of Xom.
  4268 | D:4      | Identified a scroll of acquirement
  4268 | D:4      | Acquired a ring of wizardry
  4286 | D:5      | Entered Level 5 of the Dungeon
  4335 | D:5      | Reached XP level 6. HP: 32/32 MP: 1/11
  4538 | D:5      | Found a hazy altar of Hepliaklqana.
  4551 | D:5      | Found a blossoming altar of Fedhas.
  4561 | D:5      | Found a radiant altar of Vehumet.
  4572 | D:5      | Became a worshipper of Vehumet
  4643 | D:5      | Noticed a necrophage
  4652 | D:5      | Killed a necrophage
  4653 | D:5      | Reached skill level 5 in Fire Magic
  4713 | D:5      | Found a staircase to the Ecumenical Temple.
  4820 | D:5      | Noticed Blork the orc
  4822 | D:5      | Reached XP level 7. HP: 36/36 MP: 5/13
  4890 | D:5      | Killed from afar by Blork the orc

Illustrated notes

Levels and vault maps discovered:
D:1:      minmay_arrival_solitary_statue, layout_loops_ring, lemuel_flame_loot_1
D:2:      layout_basic, basic_altar, hex_intersection
D:3:      layout_basic, slow_altar_1, nemelex_diamond_rough_becter,
          shapermc_ecumenical_altar_mp_highgroup, gammafunk_ghost_necromancy,
          serial_bayou_pond_a
D:4:      layout_loops_cross, grunt_temple_overflow_champion_of_chaos,
          nicolae_qazlal_general_emergency, minmay_misc_feat_four_crosses
D:5:      layout_rooms, grunt_temple_overflow_open,
          minmay_temple_entry_junction, serial_bayou_lagoon_a, minivault_14,
          uniq_blork_the_orc

Skill      XL: |  1  2  3  4  5  6 |
---------------+-------------------+-----
Fire Magic     | 4 5 |  5.3
Conjurations   | 2 3 |  3.6
Spellcasting   | 3 4 |  4.2
Dodging        | |  1.8
Stealth        | |  2.1

Action                   |  1- 3 |  4- 6 |  7- 9 || total
-------------------------+-------+-------+-------++-------
Melee: Whip              |       |    10 |     4 ||    14
 Cast: Foxfire           |    49 |   102 |     6 ||   157
       Sticky Flame      |       |     2 |     1 ||     3
       Conjure Flame     |       |       |     1 ||     1
  Use: Scroll            |     3 |    10 |       ||    13
Armor: Robe              |     3 |    16 |     2 ||    21
Dodge: Dodged            |     6 |    18 |     4 ||    28

Table legend: (Time is in decaauts)
 A = Elapsed time spent in this place.
 B = Non-inter-level travel time spent in this place.
 C = Inter-level travel time spent in this place.
 D = Time resting spent in this place.
 E = Time spent auto-exploring this place.
 F = Levels seen in this place.
 G = Mean time per level.
                   A        B        C        D        E       F      G
               +--------+--------+--------+--------+--------+-----+--------+
         Total |   4886 |   4817 |     69 |    101 |   4117 |   5 |  977.2 |
       Dungeon |   4886 |   4817 |     69 |    101 |   4117 |   5 |  977.2 |
               +--------+--------+--------+--------+--------+-----+--------+

Top non-repeatable levels by time:
     D:1: 1255 daAuts
     D:3: 1167 daAuts
     D:4: 957 daAuts
     D:2: 901 daAuts
     D:5: 604 daAuts
